 Dungeon Crawl Stone Soup version 0.14-a0-2080-ge317583 (webtiles) character file.

1089 Piginabag the Poker (level 8, 0/57 HPs)
             Began as a Formicid Chaos Knight on Jan 25, 2014.
             Was a Plaything of Xom.
             Slain by a crocodile (16 damage)
             ... on Level 6 of the Dungeon.
             The game lasted 00:11:51 (5382 turns).

Piginabag the Poker (Formicid Chaos Knight)         Turns: 5382, Time: 00:11:51

HP   0/57        AC 14     Str 19      XL: 8   Next: 37%
MP   9/9         EV  3     Int 11      God: Xom
Gold 284         SH  6     Dex 11      Spells:  0 memorised,  7 levels left

rFire  . . .     SeeInvis +     a - +0,-1 spear (chaos)
rCold  . . .     Clarity  .     M - +1 dwarf plate armour
rNeg   . . .     Conserve .     n - +0 buckler
rPois  x         rCorr    .     (helmet unavailable)
rElec  .         rRot     .     (no cloak)
SustAb . .       Spirit   .     (no gloves)
rMut   .         Warding  .     (no boots)
Saprov . . .     Stasis   +     (no amulet)
MR     .....                    (no ring)
                                (no ring)

@: not resistant to hostile enchantments, extremely unstealthy
A: permanent stasis, dig shafts and tunnels, four strong arms, poison weakness,
antennae 3, exoskeleton 1
a: Dig, Shaft Self, Renounce Religion


You were on level 6 of the Dungeon.
You worshipped Xom.
You were a favourite toy of Xom.
You were not hungry.

You visited 1 branch of the dungeon, and saw 6 of its levels.
You also visited: Sewer.

You collected 284 gold pieces.

Inventory:

Hand weapons
 a - a +0,-1 spear of chaos (weapon)
Armour
 n - a +0 buckler (worn)
 M - a +1 dwarven plate armour (worn)
Magical devices
 s - a wand of cold (6)
 G - a wand of heal wounds (3) {unknown}
 J - a wand of frost (8) {unknown}
Comestibles
 c - 2 bread rations
 f - a royal jelly
 v - a slice of pizza
 A - 2 meat rations
 C - 2 apples
 K - a rotting chunk of worker ant flesh
Scrolls
 d - a scroll of amnesia {unknown}
 e - a scroll of fog {unknown}
 g - a scroll of remove curse
 h - a scroll of teleportation
 j - a scroll of curse jewellery {unknown}
 l - a scroll of enchant weapon II {unknown}
 q - a scroll of curse armour {unknown}
 u - 4 scrolls of blinking {unknown}
 w - 4 scrolls of identify {unknown}
 y - 2 scrolls of magic mapping
 E - a scroll of random uselessness {unknown}
 H - 2 scrolls of immolation {unknown}
 L - a scroll of noise {unknown}
Jewellery
 t - a cursed +2 ring of protection {unknown}
 B - an uncursed amulet of inaccuracy {unknown}
 F - an uncursed ring of protection from fire {unknown}
 I - an uncursed ring of ice {unknown}
Potions
 i - 2 potions of curing
 k - a potion of flight {unknown}
 o - a potion of might {unknown}
 r - a potion of invisibility {unknown}
 x - a potion of cure mutation {unknown}
 z - a potion of agility {unknown}
 D - 2 potions of confusion {unknown}


   Skills:
 + Level 6.2 Fighting
 + Level 7.1 Polearms
 - Level 2.4 Armour
 - Level 0.8 Dodging
 + Level 1.0 Evocations


You had 7 spell levels left.
You didn't know any spells.

Dungeon Overview and Level Annotations

Branches:
Dungeon (6/16)
 Temple: D:4-7

Altars:
Ashenzari
Cheibriados
Dithmengos
Nemelex Xobeh
Okawaru
the Shining One

Annotations:
D:4 exclusion: door
D:5 Prince Ribbit


Innate Abilities, Weirdness & Mutations

Your are under a permanent stasis effect.
You can dig through walls and to a lower floor.
Your four strong arms can wield any weapon, most with a shield.
You are susceptible to poison.
You have a pair of large antennae on your head (SInv).
Your body is surrounded by an exoskeleton. (AC +1)


Message History

You hit the crocodile.
The crocodile is poisoned.
You hear strange voices.
The crocodile is heavily wounded.
The crocodile bites you!
* * * LOW HITPOINT WARNING * * *
Unknown command.
Drink which item? (? for menu, Esc to quit)
You feel much better. The crocodile bites you!
* * * LOW HITPOINT WARNING * * *
Drink which item? (? for menu, Esc to quit)
You feel much better. The crocodile bites you!
* * * LOW HITPOINT WARNING * * *
"See what I see, my child!"
You feel aware of your surroundings.
The crocodile looks more healthy.
The crocodile is no longer moving slowly.
The crocodile barely misses you.
You smell something rotten. (slot K)
The crocodile bites you!
You die...

#........# #........#
#........# #........#
#........##########
##########..................
#.................##########
#.########t.....[.# #.#
##@####### #.# #.# #.# #>#
#.# #.# #.# #.# #.# #.#
##### #.#########.###...#
#.##.........##...#
#.##.........##...#


You could see a crocodile (berserk).

Vanquished Creatures
  An orc warrior (D:6)
  An ogre (D:6)
  A giant slug (Sewer)
  3 hounds
  3 crimson imps
  A giant frog skeleton (D:6)
  A jelly (D:5)
  2 worker ants
  7 adders
  4 gnolls (D:3)
  5 giant mites (D:3)
  A worm (D:4)
  A grey rat (D:1)
  3 giant geckos
  3 oozes
  17 orcs
  A ball python (D:1)
  7 bats
  A bat skeleton (D:4)
  5 goblins
  10 hobgoblins
  4 jackals
  12 kobolds
  6 giant cockroaches
  2 giant newts
  12 rats
114 creatures vanquished.

Vanquished Creatures (collateral kills)
  A hound (D:6)
  A jelly (D:6)
  2 orcs (D:4)
4 creatures vanquished.

Vanquished Creatures (others)
  A lemure (D:5)
  A ball python (D:2)
2 creatures vanquished.

Grand Total: 120 creatures vanquished

Notes
Turn   | Place    | Note
--------------------------------------------------------------
     0 | D:1      | Piginabag, the Formicid Chaos Knight, began the quest for the Orb.
     0 | D:1      | Reached XP level 1. HP: 16/16 MP: 1/1
    31 | D:1      | XOM: silly message
   136 | D:1      | Reached XP level 2. HP: 15/21 MP: 2/2
   310 | D:1      | Reached XP level 3. HP: 21/26 MP: 3/3
   565 | D:1      | XOM: cast spell 'Beastly Appendage'
   623 | D:1      | XOM: mild Summ miscast
   759 | D:2      | Reached XP level 4. HP: 18/33 MP: 4/4
   812 | D:2      | XOM: divination: detect items
   845 | D:2      | XOM: god gift: scroll labeled CHITHROUCVA
  1089 | D:2      | Reached skill level 4 in Fighting
  1233 | D:2      | You fall through a shaft!
  1315 | D:3      | XOM: inner flame monster(s)
  1348 | D:3      | Reached XP level 5. HP: 23/37 MP: 5/5
  1489 | D:3      | Found a snail-covered altar of Cheibriados.
  1518 | D:3      | Found a sparkling altar of Nemelex Xobeh.
  1522 | D:3      | Found a glowing golden altar of the Shining One.
  1525 | D:3      | Found a shadowy altar of Dithmengos.
  1660 | D:3      | XOM: medium Chrm miscast
  1690 | D:3      | XOM: god gift: 61 gold pieces
  1930 | D:3      | Found a glowing drain.
  1961 | D:3      | Reached XP level 6. HP: 18/44 MP: 6/6
  2070 | D:3      | XOM: vitrification
  2083 | D:3      | XOM: mild Summ miscast
  2084 | D:3      | Noticed a spatial vortex
  2089 | D:3      | XOM: noise
  2108 | Sewer    | Entered a sewer
  2214 | Sewer    | Reached skill level 5 in Polearms
  2608 | D:3      | XOM: harmless Trmt miscast
  2945 | D:4      | Reached skill level 5 in Fighting
  2945 | D:4      | Reached XP level 7. HP: 48/50 MP: 7/7
  2950 | D:4      | XOM: colour smoke trail
  3098 | D:4      | Noticed a glowing shapeshifter
  3098 | D:4      | a giant frog changed into a glowing shapeshifter
  3098 | D:4      | Noticed a wolf spider
  3098 | D:4      | a glowing shapeshifter changed into a wolf spider
  3101 | D:4      | XOM: enchant monster (good)
  3104 | D:4      | Noticed an ettin
  3104 | D:4      | a wolf spider changed into an ettin
  3108 | D:4      | Noticed a five-headed hydra
  3108 | D:4      | an ettin changed into a five-headed hydra
  3112 | D:4      | Noticed a ghost moth
  3112 | D:4      | a five-headed hydra changed into a ghost moth
  3115 | D:4      | Noticed an ice dragon
  3115 | D:4      | a ghost moth changed into an ice dragon
  3120 | D:3      | Found an iron altar of Okawaru.
  3232 | D:3      | XOM: harmless Conj miscast
  3744 | D:5      | Entered Level 5 of the Dungeon
  3756 | D:5      | XOM: divination: magic mapping
  3792 | D:5      | Reached skill level 6 in Polearms
  4000 | D:5      | XOM: harmless Necr miscast
  4187 | D:5      | Found a shattered altar of Ashenzari.
  4222 | D:5      | Noticed Prince Ribbit
  4226 | D:5      | XOM: summons friendly lemure
  4251 | D:5      | XOM: summons friendly iron imp
  4445 | D:6      | XOM: cast spell 'Beastly Appendage'
  4819 | D:6      | XOM: silly message
  4824 | D:6      | XOM: enchant monster (good)
  4839 | D:6      | Reached XP level 8. HP: 42/57 MP: 9/9
  5034 | D:6      | XOM: confusion
  5037 | D:6      | XOM: mild Trmt miscast
  5135 | D:6      | Reached skill level 7 in Polearms
  5145 | D:6      | XOM: summons 8 friendly demons
  5150 | D:6      | Reached skill level 1 in Evocations
  5364 | D:6      | HP: 1/57 [crocodile (21)]
  5370 | D:6      | XOM: divination: magic mapping
  5382 | D:6      | Slain by a crocodile

Action                   |  1- 3 |  4- 6 |  7- 9 || total
-------------------------+-------+-------+-------++-------
Melee: Spear             |   115 |   221 |   271 ||   607
 Abil: Dig               |       |     1 |       ||     1
Evoke: Wand              |       |     1 |       ||     1
  Use: Scroll            |       |     3 |     1 ||     4
       Potion            |       |       |     4 ||     4
 Stab: Paralysed         |     5 |    12 |    18 ||    35
       Confused          |       |     1 |     1 ||     2
       Petrifying        |       |       |     2 ||     2
       Petrified         |       |       |     2 ||     2
